 Dungeon Crawl Stone Soup version 0.27.1-34-g3ba077fa99 (webtiles) character file.

Game seed: 17752583694204141391

4160 chmiii the Basher (level 10, 0/102 HPs)
             Began as a Troll Hunter on Jan 29, 2022.
             Was a Follower of Dithmenos.
             Slain by an orc warrior (17 damage)
             ... on level 8 of the Dungeon.
             The game lasted 00:37:27 (6585 turns).

chmiii the Basher (Troll Hunter)                    Turns: 6585, Time: 00:37:27

Health: 0/102      AC:  6    Str: 23    XL:     10   Next: 7%
Magic:  9/9        EV: 10    Int:  7    God:    Dithmenos [*.....]
Gold:   406        SH:  0    Dex: 12    Spells: 9/9 levels left

rFire    . . .     SeeInvis .   a - +2 mace (venom)
rCold    . . .     Faith    .   (no shield)
rNeg     . . .     Spirit   .   r - +2 robe {Will+}
rPois    .         Reflect  .   (helmet restricted)
rElec    .         Harm     .   (no cloak)
rCorr    .         Rampage  .   (gloves unavailable)
Will     +....                  (boots unavailable)
Stlth    ++........             m - amulet of the acrobat
HPRegen  1.27/turn              (no ring)
MPRegen  0.11/turn              (no ring)

@: wreathed by umbra
A: large, unfitting armour, claws 3, regeneration 1, shaggy fur 1, tough skin 1
a: Renounce Religion


You were on level 8 of the Dungeon.
You worshipped Dithmenos.
Dithmenos was aware of your devotion.
You visited 2 branches of the dungeon, and saw 9 of its levels.
You also visited: Sewer and Ossuary.

You collected 514 gold pieces.
You spent 108 gold pieces at shops.

Inventory:

Hand Weapons
 a - a +2 mace of venom (weapon)
 b - a +3 mace of freezing
Missiles
 c - 4 large rocks
 d - a throwing net
 y - 2 javelins (quivered)
Armour
 r - a +2 robe of willpower (worn)
 C - a +0 kite shield
Jewellery
 m - an amulet of the acrobat (around neck)
Wands
 p - a wand of flame (21)
 x - a wand of charming (11)
Scrolls
 f - 9 scrolls of teleportation
 g - 2 scrolls of enchant armour
 l - a scroll of holy word {unknown}
 q - 2 scrolls of immolation
 s - a scroll of vulnerability {unknown}
 t - 2 scrolls of fog
 B - 2 scrolls of fear
 F - 2 scrolls of amnesia
 H - a scroll of summoning {unknown}
Potions
 e - 3 potions of heal wounds
 h - 2 potions of ambrosia
 i - 3 potions of invisibility
 j - 2 potions of might
 k - a potion of magic {unknown}
 n - 3 potions of curing {unknown}
 o - 2 potions of flight {unknown}
 u - a potion of mutation {unknown}
 v - 5 potions of cancellation
 w - a potion of resistance
 z - a potion of attraction {unknown}
 A - 2 potions of berserk rage {unknown}
 D - a potion of haste {unknown}
 E - a potion of lignification {unknown}
 G - a potion of degeneration {unknown}


   Skills:
 + Level 7.2 Fighting
 - Level 3.3 Short Blades
 * Level 10.1 Maces & Flails
 - Level 3.6 Throwing
 - Level 1.5 Dodging
 - Level 0.3 Stealth


You had 9 spell levels left.
You didn't know any spells.
Your spell library contained the following spells:

 Spells                   Type           Power      Damage    Failure   Level
 Magic Dart               Conj           0%         1d3       43%         1
 Sting                    Tmut/Pois      0%         1d3       43%         1
 Poisonous Vapours        Pois/Air       0%         N/A       56%         2
 Searing Ray              Conj           0%         3d3       56%         2
 Ignite Poison            Fire/Tmut/Pois 0%         N/A       80%         3
 Mephitic Cloud           Conj/Pois/Air  0%         N/A       80%         3
 Fulminant Prism          Conj/Hex       0%         3d6       99%         4
 Olgreb's Toxic Radiance  Pois           0%         N/A       99%         4
 Bolt of Magma            Conj/Fire/Erth 0%         4d4       100%        5
 Fireball                 Conj/Fire      0%         3d3       100%        5
 Iskenderun's Battlesphe  Conj           0%         2d6       100%        5
 Conjure Ball Lightning   Conj/Air       0%         3x3d6     100%        6
 Orb of Destruction       Conj           0%         N/A       100%        7
 Chain Lightning          Conj/Air       0%         N/A       100%        9
 Fire Storm               Conj/Fire      0%         5d1       100%        9


Dungeon Overview and Level Annotations

Branches:
Dungeon (8/15)             Temple (1/1) D:5           Sewer (visited)
Ossuary (visited)
   Lair: D:8-11

Altars:
Ashenzari
Cheibriados
Dithmenos
Elyvilon
Fedhas
Gozag
Hepliaklqana
Kikubaaqudgha
Makhleb
Okawaru
Qazlal
Ru
Sif Muna
Trog
Uskayaw
Vehumet
Wu Jian
Xom
Yredelemnul
Zin
The Shining One

Shops:
D:2 [:?[(


Innate Abilities, Weirdness & Mutations

You are too large for most types of armour.
You have claws for hands.
Your natural rate of healing is unusually fast.
You are covered in fur. (AC +1)
You have tough skin. (AC +1)


Message History

The yak is lightly wounded.
The yak gores you!
You sock the yak!
The yak looks as sick as possible!
The yak is moderately wounded.
The yak closely misses you.
You sock the yak!
The yak is almost dead.
The yak closely misses you.
You barely miss the yak.
The yak is almost dead.
You hit the yak.
You kill the yak!
Dithmenos accepts your kill.
You thump the yak!
The yak is heavily wounded.
The yak gores you!
You hit the yak but do no damage.
The yak is poisoned.
The yak is heavily wounded.
The orc warrior hits you but does no damage.
You barely miss the yak.
The yak is heavily wounded.
The yak gores you!
The orc warrior hits you from afar with a +0 halberd!
You are too injured to fight recklessly!
You are too injured to fight recklessly!
You are too injured to fight recklessly!
You hit the yak.
The yak looks as sick as possible!
The yak is heavily wounded.
The yak barely misses you.
The orc warrior hits you from afar with a +0 halberd!
You hit the yak.
The yak is severely wounded.
The yak closely misses you.
The orc warrior hits you from afar with a +0 halberd!!
* * * LOW HITPOINT WARNING * * *
You hit the yak.
The yak looks as sick as possible!
The yak is almost dead.
The yak closely misses you.
The orc warrior hits you from afar with a +0 halberd!
You die...

...Y.................##.
.......(................
#.#.##..##.....##.
#.#.##............
#.#.##..##.....##.
#Y.............#
#o#.##..##.......
#Y#.##.###....###.
#@#..... .......
#.#.##.###..#.###
#.......... ....#
....#.##.#.## ........#
.... ..... ... .#.#
#####.#.# # .... #.#.#


You could see 2 yaks and an orc warrior.

Vanquished Creatures
  A boulder beetle (D:7)
  4 yaks (D:8)
  A water moccasin (D:5)
  A sky beast (D:6)
  An ice beast (D:7)
  A black bear (D:6)
  Purgy (Sewer)
  2 necrophages (D:5)
  2 ogres
  2 centaurs
  2 phantoms
  2 kobold brigands
  An elf zombie (Ossuary)
  3 bullfrogs
  2 scorpions
  2 water moccasin skeletons
  3 killer bees (D:8)
  5 wights (D:7)
  2 orc priests
  A bullfrog skeleton (D:6)
  A centaur zombie (D:6)
  A hound (D:6)
  2 jellies
  3 centaur skeletons (D:5)
  Terence (D:2)
  A human zombie (Ossuary)
  Jessica (D:3)
  2 iguanas
  2 orc wizards (D:4)
  A hound zombie (Ossuary)
  4 mummies (Ossuary)
  A hound skeleton (D:4)
  Robin (D:3)
  11 adders
  3 ufetubi
  An adder zombie (Ossuary)
  2 worms (D:4)
  A dart slug (D:1)
  7 orcs
  3 endoplasms
  5 giant cockroaches
  15 goblins
  10 hobgoblins
  6 quokkas
  10 ball pythons
  9 bats
  4 frilled lizards
  2 goblin zombies (Ossuary)
  A jackal zombie (Ossuary)
  19 kobolds
  2 kobold zombies (Ossuary)
  2 orc zombies (Ossuary)
  8 rats
  A rat zombie (Ossuary)
182 creatures vanquished.

Vanquished Creatures (others)
  A goblin (D:3)
  A plant (D:1)
2 creatures vanquished.

Grand Total: 184 creatures vanquished

Notes
Turn   | Place    | Note
-------+----------+-------------------------------------------
     0 | D:1      | chmiii the Troll Hunter began the quest for the Orb.
     0 | D:1      | Reached XP level 1. HP: 19/19 MP: 0/0
   245 | D:1      | Reached skill level 1 in Short Blades
   245 | D:1      | Reached XP level 2. HP: 27/28 MP: 1/1
   409 | D:1      | Found a faded altar of an unknown god.
   656 | D:1      | Reached XP level 3. HP: 35/35 MP: 2/2
   789 | D:2      | Found Tulaciz's Weapon Boutique.
   887 | D:2      | Found Ejutel's Magic Scroll Shop.
   890 | D:2      | Bought a scroll of identify for 24 gold pieces
   890 | D:2      | Bought a scroll of identify for 24 gold pieces
   890 | D:2      | Bought a scroll of teleportation for 36 gold pieces
   890 | D:2      | Bought a scroll of identify for 24 gold pieces
  1101 | D:2      | Found Cuabe's Antique Armour Boutique.
  1280 | D:2      | Found Fumoutse's Antique Armour Shop.
  1359 | D:2      | Found Dong's Book Shop.
  1392 | D:3      | Noticed Terence
  1437 | D:2      | Killed Terence
  1438 | D:2      | Reached XP level 4. HP: 44/44 MP: 3/3
  1489 | D:3      | Noticed a scorpion
  1495 | D:3      | Killed a scorpion
  1496 | D:3      | Reached XP level 5. HP: 44/50 MP: 4/4
  1638 | D:3      | Noticed Jessica
  1648 | D:3      | Killed Jessica
  1811 | D:3      | Noticed Robin
  1844 | D:3      | Killed Robin
  1862 | D:3      | Reached skill level 1 in Maces & Flails
  2021 | D:3      | Found a sacrificial altar of Ru.
  2351 | D:4      | Found a broken altar of Ashenzari.
  2517 | D:4      | Reached XP level 6. HP: 61/61 MP: 5/5
  2527 | D:4      | Found a sand-covered staircase.
  2557 | D:4      | Reached skill level 2 in Maces & Flails
  2642 | Ossuary  | Entered an ossuary
  2687 | Ossuary  | Reached skill level 3 in Maces & Flails
  2847 | Ossuary  | Reached XP level 7. HP: 63/68 MP: 6/6
  3052 | D:4      | Reached skill level 4 in Maces & Flails
  3076 | D:4      | Found a shimmering altar of Xom.
  3139 | D:4      | Found a white marble altar of Elyvilon.
  3183 | D:4      | Found a burning altar of Makhleb.
  3183 | D:4      | Noticed a balrug
  3261 | D:4      | Found an ancient bone altar of Kikubaaqudgha.
  3534 | D:5      | Entered Level 5 of the Dungeon
  3704 | D:5      | Reached skill level 5 in Maces & Flails
  3742 | D:5      | Found a staircase to the Ecumenical Temple.
  3751 | Temple   | Entered the Ecumenical Temple
  3973 | Temple   | Became a worshipper of Dithmenos the Shadowed
  4210 | D:5      | Reached XP level 8. HP: 57/79 MP: 7/7
  4392 | D:6      | Reached skill level 6 in Maces & Flails
  4485 | D:5      | Reached skill level 5 in Fighting
  4691 | D:5      | Reached skill level 7 in Maces & Flails
  4796 | D:6      | Found a glowing drain.
  4821 | D:6      | Reached * piety under Dithmenos
  4832 | Sewer    | Entered a sewer
  4962 | Sewer    | Noticed Purgy
  4969 | Sewer    | Killed Purgy
  5100 | D:6      | Reached XP level 9. HP: 87/89 MP: 8/8
  5170 | D:6      | Found a hazy altar of Hepliaklqana.
  5384 | D:7      | Identified the +5 falchion of the Immovable Olives {freeze,
                  | rN+ Dex+4 Stlth+}
  5446 | D:7      | Reached skill level 8 in Maces & Flails
  5663 | D:7      | Noticed a boulder beetle
  5690 | D:7      | Killed a boulder beetle
  5691 | D:7      | Reached skill level 9 in Maces & Flails
  6435 | D:8      | Found an ornate altar of the Wu Jian Council.
  6574 | D:8      | Reached skill level 10 in Maces & Flails
  6574 | D:8      | Reached XP level 10. HP: 76/102 MP: 9/9
  6585 | D:8      | Slain by an orc warrior

Illustrated notes

Levels and vault maps discovered:
D:1:      minmay_arrival_split_and_join, layout_basic,
          chequers_ecumenical_altar_lobes, minmay_worlds_worst_comb
D:2:      layout_basic, serial_shops, nicolae_shop_crystal, shop,
          nicolae_shop_behind_doors, shop, nicolae_shop_behind_doors,
          hangedman_decor_clover_reticule, dk_noncrumbling_2, feat_on_display
D:3:      layout_loops_ring, mainiacjoe_overflow_six_doors_small, uniq_robin,
          uniq_jessica, uniq_terence
D:4:      layout_loops_ring, ashenzari_altar_1, makhleb_altar_promises_db,
          elyvilon_altar_5, kiku_gazebo_pond_becter,
          mainiacjoe_overflow_alcove_1, nicolae_ossuary_entry_false_entrances,
          minmay_misc_feat_five
D:5:      layout_gridville, minmay_temple_entry_slanted, st_stairs_14
D:6:      layout_rooms, nicolae_overflow_crystal_walls, gup_sewer_entry_glass
D:7:      layout_basic, kennysheep_generic_room_16
D:8:      layout_basic, pdpol_wu_jian_five_deadly_venoms, serial_shops,
          nicolae_shop_stone, kennysheep_generic_room_7, uniq_harold
Temple:   nicolae_temple_figure_eight

Skill      XL: |  1  2  3  4  5  6  7  8  9 |
---------------+----------------------------+-----
Short Blades   | 1 2 3 |  3.3
Fighting       | 2 3 4 5 7 |  7.2
Maces & Flails | 1 3 5 7 10 | 10.1
Throwing       | |  3.6
Dodging        | |  1.5
Stealth        | |  0.3

Action                   |  1- 3 |  4- 6 |  7- 9 | 10-12 || total
-------------------------+-------+-------+-------+-------++-------
Melee: Short sword       |    16 |       |       |       ||    16
       Unarmed           |   117 |    41 |       |       ||   158
       Club              |       |    99 |       |       ||    99
       Mace              |       |    91 |   325 |    12 ||   428
Throw: Large rock        |     4 |     3 |    18 |       ||    25
       Throwing net      |     1 |       |       |       ||     1
       Javelin           |       |       |    11 |       ||    11
  Use: Scroll            |     5 |       |     5 |       ||    10
 Stab: Sleeping          |     2 |       |     2 |       ||     4
       Distracted        |       |       |     1 |       ||     1
Armor: Robe              |    51 |    83 |   141 |     1 ||   276
Dodge: Dodged            |    57 |   143 |   205 |     5 ||   410
